 Dungeon Crawl Stone Soup version 0.30.1-9-gdf580d7c3d (webtiles) character file.

Game seed: 10049050545430010798

429 Cheops the Conjurer (level 6, -2/49 HPs)
             Began as a Naga Fire Elementalist on Oct 8, 2023.
             Slain by a killer bee (7 damage)
             ... on level 4 of the Dungeon.
             The game lasted 00:07:52 (3791 turns).

Cheops the Conjurer (Naga Fire Elementalist)        Turns: 3791, Time: 00:07:52

Health: -2/49      AC:  3    Str: 11    XL:     6   Next: 98%
Magic:  0/10       EV:  9    Int: 17    God:
Gold:   307        SH:  0    Dex: 11    Spells: 1/11 levels left

rFire   . . .        a - +4 dagger
rCold   . . .        (no shield)
rNeg    . . .        u - +0 robe
rPois   +            (no helmet)
rElec   .            (no cloak)
rCorr   .            (no gloves)
SInv    +            (no barding)
Will    .....        (no amulet)
Stlth   ++           (no ring)
HPRegen 0.28/turn    (no ring)
MPRegen 0.12/turn

%: no passive effects
@: lethally poisoned (-2 -> -3), very slow
A: AC +2, large, see invisible, deformed body, poison resistance, slowness 2,
spit poison 1, naga tail 1
a: Spit Poison


You were on level 4 of the Dungeon.
You visited 1 branch of the dungeon, and saw 4 of its levels.

You collected 307 gold pieces.

Inventory:

Hand Weapons
 a - a +4 dagger (weapon)
 b - a +4 short sword
Armour
 d - the +0 robe of the Other World {rElec Int-3 Slay+3}
   (You found it on level 4 of the Dungeon)

   Int:       It affects your intelligence (-3).
   Slay:      It affects your accuracy & damage with ranged weapons and melee
   (+3).
   rElec:     It insulates you from electricity.
 u - a +0 robe (worn)
Wands
 n - a wand of roots (3)
Scrolls
 c - a scroll of fear {unknown}
 f - 2 scrolls of vulnerability {unknown}
 g - 2 scrolls of identify {unknown}
 h - a scroll of immolation {unknown}
 i - 2 scrolls of teleportation {unknown}
 j - a scroll of magic mapping {unknown}
 r - a scroll of torment {unknown}
Potions
 e - a potion of haste {unknown}
 k - 3 potions of brilliance {unknown}
 l - a potion of lignification {unknown}
 m - a potion of attraction {unknown}
 o - a potion of mutation {unknown}
 p - a potion of magic
 q - 2 potions of berserk rage {unknown}
 s - a potion of degeneration {unknown}
 t - 2 potions of might {unknown}


   Skills:
 - Level 1.5 Dodging
 - Level 3.0 Stealth
 - Level 3.0 Spellcasting
 + Level 5.1 Conjurations
 - Level 5.0 Fire Magic


You had one spell level left.
You knew the following spells:

 Your Spells              Type           Power      Damage    Failure   Level
a - Foxfire               Conj/Fire      76%        2x1d7     2%          1
b - Scorch                Fire           38%        2d7       3%          2
v - Volatile Blastmotes   Fire/Tloc      22%        2d11      19%         3
w - Flame Wave            Conj/Fire      19%        2d7       22%         4

Your spell library contained the following spells:

 Spells                   Type           Power      Damage    Failure   Level
 Inner Flame              Hex/Fire       11%        N/A       19%         3
 Ozocubu's Armour         Ice            2%         N/A       45%         3
 Ozocubu's Refrigeration  Ice            1%         4d7       100%        7


Dungeon Overview and Level Annotations

Branches:
Dungeon (4/15)
 Temple: D:4-7

Altars:
Nemelex Xobeh
Ru

Shops:
D:3 [

Annotations:
D:4 1 runed translucent door, turdburglar's ghost, amateur KoBr


Innate Abilities, Weirdness & Mutations

Your serpentine skin is tough. (AC +2)
You have supernaturally acute eyesight. (SInv)
Armour fits poorly on your strangely shaped body.
Your system is resistant to poisons. (rPois)
You cover ground very slowly.
You can spit poison.
You have a snake-like lower body.


Message History

You conjure some foxfire!
You feel sick.
The foxfire hits the killer bee but does no damage.
The killer bee is severely wounded.
The foxfire hits the killer bee.
The killer bee is almost dead.
The killer bee barely misses you. The killer bee stings you.
The adder bites you. The killer bee stings you.
* * * LOW HITPOINT WARNING * * *
The killer bee barely misses you. The adder bites you but does no damage.
Casting: Foxfire (safe; 2% risk of failure)
Confirm with . or Enter, or press ? or * to list all spells.
You conjure some foxfire!
You feel sick.
The foxfire hits the killer bee.
You kill the killer bee!
The killer bee completely misses you.
The foxfire hits the adder.
The adder is heavily wounded.
The killer bee stings you.
* * * LOW HITPOINT WARNING * * *
The adder bites you.
* * * LOW HITPOINT WARNING * * *
Your Conjurations skill increases to level 5!
Casting: Foxfire (safe; 2% risk of failure)
Confirm with . or Enter, or press ? or * to list all spells.
You conjure some foxfire!
You feel sick.
The foxfire hits the killer bee.
The killer bee is moderately wounded.
The foxfire hits the adder.
The adder is heavily wounded.
The killer bee stings you.
* * * LOW HITPOINT WARNING * * *
The adder bites you.
* * * LOW HITPOINT WARNING * * *
The killer bee stings you!
* * * LOW HITPOINT WARNING * * *
Casting: Foxfire (safe; 2% risk of failure)
Confirm with . or Enter, or press ? or * to list all spells.
You conjure some foxfire!
You feel sick.
The foxfire hits the killer bee.
The killer bee is heavily wounded.
The foxfire hits the killer bee.
The killer bee is severely wounded.
The killer bee stings you!
You die...

.... ≈≈...........#
....≈# #≈...........+
....≈# #≈?....#.....#
....≈# #≈..........#
....≈## ##≈.........#
....≈≈####≈≈........#
.....≈≈≈≈≈≈....y†S'#
...............v@..#
...............§.v.#
................#..#
#.....................
##.............#.....#
##.....#...........##
##......####.###.##
#........ ..# ##
##.>.#### ##


You could see a killer bee (ally target) and an adder.

Vanquished Creatures
  An ogre (D:4)
  2 killer bees (D:4)
  An orc priest (D:3)
  Jessica (D:3)
  4 gnolls (D:4)
  7 adders
  A worm (D:2)
  4 dart slugs
  11 orcs
  6 ball pythons
  4 endoplasms
  3 giant cockroaches
  7 goblins
  8 hobgoblins
  11 kobolds
  5 quokkas
  7 bats
  3 frilled lizards
  5 rats
91 creatures vanquished.

Vanquished Creatures (others)
  299 foxfires
299 creatures vanquished.

Grand Total: 390 creatures vanquished

Notes
Turn   | Place    | Note
-------+----------+-------------------------------------------
     0 | D:1      | Cheops the Naga Fire Elementalist began the quest for the
                  | Orb.
     0 | D:1      | Reached XP level 1. HP: 15/15 MP: 3/3
   250 | D:1      | Reached XP level 2. HP: 22/22 MP: 1/5
   703 | D:1      | Reached XP level 3. HP: 18/28 MP: 3/7
   706 | D:1      | Learned a level 2 spell: Scorch
  1607 | D:2      | Reached XP level 4. HP: 36/36 MP: 4/8
  1614 | D:2      | Learned a level 4 spell: Flame Wave
  2350 | D:3      | Reached XP level 5. HP: 42/42 MP: 4/9
  2424 | D:3      | Noticed Jessica
  2429 | D:3      | Killed Jessica
  2682 | D:3      | Found Yjown's Antique Armour Emporium.
  2865 | D:3      | Found a sparkling altar of Nemelex Xobeh.
  2877 | D:3      | Found a faded altar of an unknown god.
  3079 | D:3      | Learned a level 3 spell: Volatile Blastmotes
  3094 | D:4      | Identified the +0 robe of the Other World {rElec Int-3
                  | Slay+3}
  3163 | D:4      | Found a sacrificial altar of Ru.
  3251 | D:4      | Found a runed translucent door.
  3251 | D:4      | Noticed turdburglar's ghost (amateur KoBr)
  3398 | D:4      | Noticed an ogre
  3410 | D:4      | Killed an ogre
  3411 | D:4      | Reached XP level 6. HP: 49/49 MP: 0/10
  3414 | D:4      | Reached skill level 5 in Fire Magic
  3790 | D:4      | Reached skill level 5 in Conjurations
  3791 | D:4      | Slain by a killer bee

Illustrated notes

Levels and vault maps discovered:
D:1:      minmay_arrival_stair_chambers, layout_loops_cross, minmay_box_of_dots
D:2:      minmay_diamond_boxcup, layout_basic
D:3:      wander_river, layout_rooms, nemelex_xobeh_ov_fountains_minmay,
          hellmonk_ecumenical_altar_leap_of_faith, serial_shops,
          nicolae_diamond_shop, minmay_randomly_rotated_circles, uniq_jessica
D:4:      layout_loops_corners, nicolae_ru_awakened_eye,
          hellmonk_ghost_happy_afterlife, kennysheep_decorative_pillar,
          grunt_ministairs_13, chequers_mini_garden, minmay_vboxes

Skill      XL: |  1  2  3  4  5  6 |
---------------+-------------------+-----
Spellcasting   | 3 |  3.0
Conjurations   | 2 3 4 5 |  5.1
Fire Magic     | 4 5 |  5.0
Dodging        | |  1.5
Stealth        | |  3.0

Action                     |  1- 3 |  4- 6 || total
---------------------------+-------+-------++-------
  Melee: Unarmed           |     4 |       ||     4
         Dagger            |    19 |    13 ||    32
         Punch             |     1 |       ||     1
   Cast: Foxfire           |    56 |   112 ||   168
Ability: Spit Poison       |     4 |     5 ||     9
 Armour: Robe              |     8 |     3 ||    11
  Dodge: Dodged            |    19 |    21 ||    40
